 Dungeon Crawl Stone Soup version 0.30-a0-879-ga8ba668304 (webtiles) character file.

Game seed: 2574964646664648734

1003 domi the Destroyer (level 8, 52/52 HPs)
             Began as a Demonspawn Conjurer on Mar 12, 2023.
             Got out of the dungeon alive.
             The game lasted 00:08:58 (5843 turns).

domi the Destroyer (Demonspawn Conjurer)            Turns: 5843, Time: 00:08:59

Health: 52/52      AC:  4    Str:  8    XL:     8   Next: 0%
Magic:  11/11      EV: 12    Int: 22    God:
Gold:   193        SH:  0    Dex: 15    Spells: 4/11 levels left

rFire   + . .      SeeInvis +    b - +3 dagger (venom)
rCold   x . .      Faith    .    (no shield)
rNeg    . . .      Spirit   .    a - +2 robe
rPois   .          Reflect  .    (no helmet)
rElec   .          Rampage  .    c - scarf {repulsion}
rCorr   .                        (no gloves)
Will    .....                    (no boots)
Stlth   ++++                     (no amulet)
HPRegen 0.28/turn                d - ring of see invisible {sInv}
MPRegen 0.12/turn                e - ring of Reimbursement {Fire Dex+2 Stlth+}

@: repel missiles
A: thin skeletal structure 1, demonic guardian 1, weakness stinger 1
a: no special abilities


You escaped.
You visited 1 branch of the dungeon, and saw 5 of its levels.

You collected 193 gold pieces.

Inventory:

Hand Weapons
 b - a +3 dagger of venom (weapon)
   (You took it off an orc wizard on level 3 of the Dungeon)
Armour
 a - a +2 robe (worn)
 c - a scarf of repulsion (worn)
   (You found it on level 1 of the Dungeon)
 q - a +0 hat
   (You found it on level 5 of the Dungeon)
Magical Staves
 f - a staff of death {rN+}
   (You found it on level 1 of the Dungeon)
 g - a staff of conjuration {!a}
   (You found it on level 4 of the Dungeon)
Jewellery
 d - a ring of see invisible (left hand) {sInv}
   (You found it on level 1 of the Dungeon)
 e - the ring of Reimbursement (right hand) {Fire Dex+2 Stlth+}
   (You found it on level 3 of the Dungeon)

   [ring of fire]

   It enhances your fire magic.
   Dex:       It affects your dexterity (+2).
   rF:        It protects you from fire.
   rC:        It makes you vulnerable to cold.
   Stlth:     It makes you more stealthy.
 i - a ring of ice {rC+, rF-}
   (You found it on level 1 of the Dungeon)
 j - a +5 ring of evasion
   (You found it on level 4 of the Dungeon)
 k - a ring of fire {rF+, rC-}
   (You found it on level 2 of the Dungeon)
Wands
 s - a wand of flame (15)
   (You found it on level 5 of the Dungeon)
Scrolls
 m - a scroll of fog
 r - 2 scrolls of teleportation {@r4}
Potions
 h - a potion of resistance {unknown}
 n - a potion of lignification {unknown}
 o - 2 potions of berserk rage {unknown}
 p - a potion of brilliance {unknown}
Miscellaneous
 l - a piece from Xom's chessboard (15/15)
   (You found it on level 3 of the Dungeon)


   Skills:
 - Level 1.7 Dodging
 - Level 1.7 Stealth
 - Level 2.0 Spellcasting
 + Level 8.4 Conjurations
 - Level 5.0 Translocations


You had 4 spell levels left.
You knew the following spells:

 Your Spells              Type           Power      Damage    Failure   Level
c - Iskenderun's Mystic   Conj/Tloc      31%        2d8       9%          4
x - Searing Ray           Conj           78%        2d7       1%          2
z - Magic Dart            Conj           100%       1d8       1%          1

Your spell library contained the following spells:

 Spells                   Type           Power      Damage    Failure   Level
 Momentum Strike          Conj/Tloc      62%        3d9       1%          2
 Blink                    Tloc           48%        N/A       2%          2
 Lesser Beckoning         Tloc           48%        N/A       2%          2
 Dazzling Flash           Conj/Hex       40%        N/A       8%          3
 Portal Projectile        Hex/Tloc       26%        N/A       14%         3
 Fulminant Prism          Conj/Hex       10%        3d8       24%         4
 Tukima's Dance           Hex            2%         N/A       38%         3
 Blade Hands              Tmut           1%         N/A       98%         5


Dungeon Overview and Level Annotations

Branches:
Dungeon (5/15)
 Temple: D:4-7

Altars:
Okawaru
Sif Muna
Xom

Shops:
D:2 (   D:4 (   D:5 (

Annotations:
D:2 Sigmund
D:5 2 transporters, olddryhag's ghost, novice DsGl


Innate Abilities, Weirdness & Mutations

You have a somewhat thin skeletal structure. (Dex +2, Stealth+)
A weak demonic guardian rushes to your aid.
You have a small tail.


Message History

a +0 falchion; an orc corpse
Things that are here:
a +0 short sword; a +0 ring mail; an orc corpse
q - a +0 hat
Things that are here:
a +0 hand axe; a +0 ring mail
r - a scroll of teleportation {@r4} The killer bee buzzes angrily.
You hear an angry buzzing noise.
The killer bee buzzes angrily.
You hear an angry buzzing noise.
Found a stone staircase leading down.
s - a wand of flame (15)
An ogre comes into view. It is wielding a +0 giant spiked club.
An ogre is nearby!
There is an open door here.
You can't see any susceptible monsters within range! (Use Z to cast anyway.) Unknown command.
Aim: an ogre, wielding a +0 giant spiked club (wandering, hasn't noticed you, 100% to hit)
The magic dart hits the ogre.
You can't see any susceptible monsters within range! (Use Z to cast anyway.) Unknown command.
Aim: an ogre, wielding a +0 giant spiked club (lightly wounded, 100% to hit)
The magic dart hits the ogre.
Aim: an ogre, wielding a +0 giant spiked club (lightly wounded, 91% to hit)
The searing ray hits the ogre! (Press . to maintain the ray.)
The searing ray hits the ogre!
The searing ray hits the ogre.
The searing ray hits the ogre!
You kill the ogre!
You finish channelling your searing ray.
Training target 5.0 for Translocations reached!
Your Translocations skill increases to level 5!
You start resting.
Okay, then.
There is an open door here.
There is an open door here.
An adder comes into view.
An adder is nearby!
An adder is nearby!
An adder is nearby!
An adder is nearby!
Aim: an adder (asleep, 100% to hit)
The magic dart hits the adder!
The adder hisses angrily.
You hear an angry hiss.
Aim: an adder (severely wounded, 100% to hit)
The magic dart hits the adder.
An adder is nearby!
An adder is nearby!
Aim: an adder (almost dead, 100% to hit)
The magic dart hits the adder!
You kill the adder!
You have reached level 8!
You feel clever.
Your demonic ancestry asserts itself...
You feel the presence of a demonic guardian.
There is a stone staircase leading down here.
You can't go up here!
Aim: an orc, wielding a +0 flail and wearing a +0 ring mail (wandering, hasn't noticed you, 100% to hit)
The magic dart hits the orc.
The orc shouts!
The killer bee buzzes angrily.
You hear an angry buzzing noise. x3
Aim: an orc, wielding a +0 flail and wearing a +0 ring mail (moderately wounded, 100% to hit)
The magic dart hits the orc.
Aim: an orc, wielding a +0 flail and wearing a +0 ring mail (almost dead, 100% to hit)
The magic dart hits the orc.
You kill the orc!
You can't see any susceptible monsters within range! (Use Z to cast anyway.)
You can't see any susceptible monsters within range! (Use Z to cast anyway.)
r - 2 scrolls of teleportation {@r4} (gained 1)
You now have 193 gold pieces (gained 15).
Things that are here:
a +0 flail; a +0 ring mail
There is a stone staircase leading up here.
You climb upwards.
There is a stone staircase leading down, spattered with blood here.
Things that are here:
a +0 leather armour; a +0 dagger
There is an open door here.
There is a stone staircase leading up here.
You climb upwards.
There is a stone staircase leading down here.
There is an escape hatch in the ceiling here.
A mysterious force pulls you upwards. The hatch slams shut behind you.
Level annotation: Sigmund
There is an empty arch of ancient stone here.
There is a dry fountain here.
There is a stone staircase leading up here.
You climb upwards.
There is a stone staircase leading down here.
Unknown command.
(D) Dungeon
Where to? (Enter - D:2 @ (x,y), ? - help)
Okay, then.
Unknown command.
Really walk into a travel-excluded area?
Okay, then.
Really walk into a travel-excluded area?
There is a staircase leading out of the dungeon here.
You can't go down here!
There is a staircase leading out of the dungeon here.
Are you sure you want to leave the Dungeon?
This will make you lose the game!
You have escaped!

....÷....#....○○○≈......##.#
.#.##.#..#.#.........##.##.#
..#.)#...#.#..#...#..##.##.#
.#.##.#..#.#.........##.####
.#.##.#.##.#.........##.#
..#..#..##.#..#...#..#..#
.#.##.#....#.........#.##########
.........###.........#...........
##..####.# #....@....#.##########
#..# #.#############........#
##)####..# #.#.###### ###...###.#
#.#.# .####.....# #.#.#
......).>.# #.#.#
.#####################.#.########
.#..............................#
.#.#####################.######.#


There were no monsters in sight!

Vanquished Creatures
  Grinder (D:3)
  2 ogres
  The ghost of Palms the Slasher, an amateur GnRe of Sif Muna (D:3)
  A centaur (D:5)
  A phantom (D:3)
  A scorpion (D:5)
  2 hounds (D:5)
  An iguana (D:4)
  3 orc wizards
  8 adders
  A gnoll (D:1)
  A worm (D:2)
  A dart slug (D:1)
  11 orcs
  7 endoplasms
  3 giant cockroaches
  5 goblins
  6 hobgoblins
  5 jackals
  4 quokkas
  4 ball pythons
  6 bats
  7 frilled lizards
  2 kobolds (D:1)
  7 rats
91 creatures vanquished.

Notes
Turn   | Place    | Note
-------+----------+-------------------------------------------
     0 | D:1      | domi the Demonspawn Conjurer began the quest for the Orb.
     0 | D:1      | Reached XP level 1. HP: 13/13 MP: 3/3
   202 | D:1      | Gained mutation: You have a somewhat thin skeletal
                  | structure. (Dex +2, Stealth+) [demonic ancestry]
   202 | D:1      | Reached XP level 2. HP: 19/19 MP: 0/5
   916 | D:1      | Reached skill level 5 in Conjurations
   979 | D:1      | Reached XP level 3. HP: 24/24 MP: 3/6
  1768 | D:2      | Found Ciutreh's Weapon Shop.
  1773 | D:2      | Reached XP level 4. HP: 30/30 MP: 2/7
  1852 | D:2      | Found a faded altar of an unknown god.
  1947 | D:2      | Noticed Sigmund
  2082 | D:1      | Learned a level 2 spell: Searing Ray
  2087 | D:1      | Learned a level 4 spell: Iskenderun's Mystic Blast
  2208 | D:3      | Found a large runed translucent door.
  2209 | D:3      | Found a large runed translucent door.
  2386 | D:3      | Noticed a phantom
  2441 | D:3      | HP: 1/30 [phantom (7)]
  2446 | D:3      | Killed a phantom
  2447 | D:3      | Reached skill level 6 in Conjurations
  2447 | D:3      | Reached skill level 1 in Translocations
  2447 | D:3      | Reached XP level 5. HP: 12/35 MP: 5/8
  2582 | D:3      | Noticed Grinder
  2588 | D:3      | Paralysed by Grinder for 2 turns
  2594 | D:3      | Paralysed by Grinder for 3 turns
  2600 | D:3      | HP: 8/35 [Grinder (3)]
  2602 | D:3      | Killed Grinder
  2603 | D:3      | Reached skill level 3 in Translocations
  2603 | D:3      | Reached XP level 6. HP: 10/41 MP: 2/9
  3113 | D:3      | Found a shimmering altar of Xom.
  3349 | D:3      | Noticed Palms's ghost (amateur GnRe)
  3493 | D:3      | Killed Palms's ghost
  3494 | D:3      | Reached skill level 7 in Conjurations
  3572 | D:3      | Identified the ring of Reimbursement {Fire Dex+2 Stlth+}
  3602 | D:4      | Found Ofenwe's Antique Weapon Shop.
  3643 | D:4      | Gained mutation: You have a small tail. [demonic ancestry]
  3643 | D:4      | Reached XP level 7. HP: 46/46 MP: 4/10
  3645 | D:4      | Reached skill level 4 in Translocations
  3796 | D:4      | Found a shimmering blue altar of Sif Muna.
  4456 | D:4      | You fall into a shaft and drop 1 floor!
  4456 | D:5      | Entered Level 5 of the Dungeon
  4535 | D:5      | Found Noneny's Antique Weapon Shop.
  4556 | D:5      | Found a transporter.
  4556 | D:5      | Found a transporter.
  4556 | D:5      | Noticed olddryhag's ghost (novice DsGl)
  4933 | D:4      | Found an iron altar of Okawaru.
  5298 | D:5      | Reached skill level 8 in Conjurations
  5629 | D:5      | Reached skill level 5 in Translocations
  5706 | D:5      | Gained mutation: A weak demonic guardian rushes to your
                  | aid. [demonic ancestry]
  5706 | D:5      | Reached XP level 8. HP: 52/52 MP: 7/11
  5843 | D:$      | Got out of the dungeon alive.

Illustrated notes

Levels and vault maps discovered:
D:1:      shiori_arrival_oz, layout_basic, minmay_small_reverse_x
D:2:      kennysheep_the_goblin_king, layout_loops_ring,
          shapermc_ecumenical_altar_venn, serial_shops,
          nicolae_shop_bloodbath_and_beyond, uniq_sigmund, uniq_natasha
D:3:      layout_basic, xom_butterflies, ebering_ghost_disaster_area,
          minmay_crystal_water, grunt_ministairs_14, minmay_tree_intersection,
          uniq_grinder
D:4:      layout_basic, nicolae_sif_muna_condensation,
          hellmonk_okawaru_the_only_friend_you_need, serial_shops,
          kennysheep_mini_moat
D:5:      layout_loops_corners, serial_shops, shop, gammafunk_ghost_hive

Skill      XL: |  1  2  3  4  5  6  7 |
---------------+----------------------+-----
Conjurations   | 5 6 7 8 |  8.4
Translocations | 1 3 5 |  5.0
Dodging        | |  1.7
Stealth        | |  1.7
Spellcasting   | |  2.0

Action                     |  1- 3 |  4- 6 |  7- 9 || total
---------------------------+-------+-------+-------++-------
  Melee: Unarmed           |     8 |       |       ||     8
         Dagger            |       |       |    18 ||    18
         Tailslap          |       |       |     4 ||     4
   Cast: Magic Dart        |    85 |    39 |    35 ||   159
         Searing Ray       |       |    11 |    11 ||    22
    Use: Potion            |       |     3 |       ||     3
         Scroll            |       |     5 |       ||     5
 Armour: Robe              |       |     6 |     8 ||    14
  Dodge: Dodged            |     8 |    17 |    33 ||    58

Table legend: (Time is in decaauts)
 A = Elapsed time spent in this place.
 B = Non-inter-level travel time spent in this place.
 C = Inter-level travel time spent in this place.
 D = Time resting spent in this place.
 E = Time spent auto-exploring this place.
 F = Levels seen in this place.
 G = Mean time per level.
                   A        B        C        D        E       F      G
               +--------+--------+--------+--------+--------+-----+--------+
         Total |   5846 |   5598 |    248 |    827 |   4094 |   5 | 1169.2 |
       Dungeon |   5846 |   5598 |    248 |    827 |   4094 |   5 | 1169.2 |
               +--------+--------+--------+--------+--------+-----+--------+

Top non-repeatable levels by time:
     D:3: 1506 daAuts
     D:1: 1446 daAuts
     D:4: 1356 daAuts
     D:5: 821 daAuts
     D:2: 715 daAuts

Table legend:
 A = Kills in this place as a percentage of kills in the entire game.
 B = Kills by you in this place as a percentage of kills by you in the entire game.
 C = Kills by friends in this place as a percentage of kills by friends in the entire game.
 D = Other kills in this place as a percentage of other kills in the entire game.
 E = Experience gained in this place as a percentage of experience gained in the entire game.
 F = Experience gained in this place divided by the number of levels of this place that you have seen.
                   A       B       C       D       E      F
               +-------+-------+-------+-------+-------+----------------------
         Total | 100.0 | 100.0 |   N/A |   N/A | 100.0 | 286.8
       Dungeon | 100.0 | 100.0 |   N/A |   N/A | 100.0 | 286.8
               +-------+-------+-------+-------+-------+----------------------
